Lightning vs Flyers

Created - April 2, 2016 at 10:52

Goals
1 2 3 OT1 T
Lightning 1 1 0 1 3
Flyers 0 1 1 0 2
Shots
1 2 3 OT1 T
Lightning 14 11 18 1 44
Flyers 3 12 11 0 26

1st period

1. Lightning , Radim Vrbata 36 (Henrik Sedin) at 4:32

Penalties :
Mike Santorelli (PHI) for Hooking (Minor) at 4:54, David Schlemko (TBL) for Holding (Minor) at 18:00

2nd period

2. Flyers , Mike Ribeiro 20 (Alexander Killorn, Andrew MacDonald) at 0:14
3. Lightning , Radim Vrbata 37 (Henrik Sedin) at 6:30

Penalties :
Martin Marincin (PHI) for Hooking (Minor) at 3:28, Kevin Klein (TBL) for Elbowing (Minor) at 11:26

3rd period

4. Flyers , Pierre-Alexandr Parenteau 13 (Damon Severson, Martin Marincin) at 7:24

Penalties :
Jean-Gabriel Pageau (PHI) for Interference (Minor) at 3:59, Erik Gudbranson (TBL) for Slashing (Double Minor) at 11:46

Overtime #1

5. Lightning , Patric Hornqvist 31 (Henrik Sedin, Kevin Klein) at 0:34

Penalties :
No Penalty

Goalie Stats

Alex Stalock (TBL), 24 saves from 26 shots - (0.923), W, 6-5-3, 60:35 minutes
Devan Dubnyk (PHI), 41 saves from 44 shots - (0.932), OTL, 26-15-11, 60:35 minutes

Players Stats for Lightning

Player Name              G  A  P  +/- PIM S  H  SB GA TA FO     MP     PP MP  PK MP  
------------------------------------------------------------------------------------
Andre Benoit             0  0  0   1  0   0  0  2  0  0  0/0    14:22   0:00   2:23 
Andrej Meszaros          0  0  0   0  0   0  2  0  0  0  0/0    22:28   2:41   4:29 
Andrej Sekera            0  0  0   0  0   2  1  0  0  0  0/0    23:14   2:41   3:41 
David Schlemko           0  0  0   1  2   0  1  0  0  0  0/0    12:58   0:00   1:00 
Eric Fehr                0  0  0  -1  0   3  2  0  0  0  0/2    21:16   2:22   4:09 
Erik Gudbranson          0  0  0  -1  4   1  3  1  0  0  0/0    24:09   3:16   1:30 
Henrik Sedin             0  3  3   1  0   4  0  0  0  0  25/43  26:43   3:35   4:44 
Jeff Carter              0  0  0  -1  0   3  1  0  0  0  11/20  17:07   2:22   0:00 
John Gaudreau            0  0  0  -1  0   8  0  0  0  0  0/1    17:07   2:22   0:00 
Kevin Klein              0  1  1  -1  2   0  5  0  0  0  0/0    23:56   3:16   2:51 
Maxime Talbot            0  0  0   0  0   0  0  0  0  0  0/0     9:55   0:00   0:19 
Patric Hornqvist         1  0  1   1  0   6  3  0  0  0  3/5    21:59   3:35   0:00 
Radim Vrbata             2  0  2   1  0   11 0  1  0  0  2/2    21:24   3:35   0:00 
Teddy Purcell            0  0  0   0  0   0  0  0  0  0  0/1     3:56   0:00   0:00 
Tobias Rieder            0  0  0   0  0   1  0  0  0  0  1/1     3:56   0:00   0:00 
Travis Zajac             0  0  0   0  0   0  0  0  0  0  10/15  11:56   0:00   2:20 
Troy Brouwer             0  0  0   0  0   4  0  0  0  0  0/0    11:37   0:00   2:01 
Vernon Fiddler           0  0  0   0  0   1  0  0  0  0  3/6     6:17   0:00   2:21 

Players Stats for Flyers

Player Name              G  A  P  +/- PIM S  H  SB GA TA FO     MP     PP MP  PK MP  
------------------------------------------------------------------------------------
Alexander Killorn        0  1  1   1  0   4  2  0  0  0  0/5    19:10   3:45   0:00 
Andrew MacDonald         0  1  1   0  0   1  0  2  0  0  0/0    18:27   0:11   2:56 
Brian Gionta             0  0  0   1  0   1  3  0  0  0  1/2    20:01   4:01   0:00 
Damien Brunner           0  0  0   0  0   2  1  0  0  0  1/3    15:14   0:11   0:00 
Damon Severson           0  1  1   0  0   0  1  6  0  0  0/0    19:16   3:26   0:00 
Dan Boyle                0  0  0   0  0   2  1  2  0  0  0/0    20:16   4:20   1:00 
James Sheppard           0  0  0   0  0   0  1  0  0  0  5/15   10:24   4:01   2:22 
Jean-Gabriel Pageau      0  0  0  -1  2   0  4  0  0  0  11/23  15:37   0:00   0:00 
Joel Ward                0  0  0  -1  0   3  0  0  0  0  0/0    19:24   0:11   3:35 
Kyle Brodziak            0  0  0   0  0   2  0  1  0  0  10/23  14:37   0:00   3:35 
Luca Sbisa               0  0  0   0  0   1  1  2  0  0  0/0    11:37   3:26   2:56 
Martin Marincin          0  1  1   0  2   1  2  4  0  0  0/0    17:50   0:00   2:01 
Mike Ribeiro             1  0  1   1  0   4  0  0  0  0  12/23  19:45   3:45   0:00 
Mike Santorelli          0  0  0   0  2   2  0  0  0  0  0/1    14:46   3:45   0:00 
Olli Jokinen             0  0  0   0  0   1  0  0  0  0  0/0    10:24   4:01   2:22 
Pierre-Alexandr Parentea 1  0  1  -1  0   2  1  0  0  0  1/1    15:49   0:11   0:00 
Ryan Ellis               0  0  0   0  0   0  1  3  0  0  0/0    19:51   4:20   0:00 
Tom Gilbert              0  0  0   0  0   0  2  0  0  0  0/0    13:52   0:11   3:01 

3 Stars

1 - Radim Vrbata (TBL)
2 - Henrik Sedin (TBL)
3 - Patric Hornqvist (TBL)

Power Play

Lightning - 0 on 3 Attempt(s) - 0.00%
Flyers - 0 on 4 Attempt(s) - 0.00%

Penalty Kill

Lightning - 4 on 4 Attempt(s) - 100.00% - Score 0 goal in Penalty Kill
Flyers - 3 on 3 Attempt(s) - 100.00% - Score 0 goal in Penalty Kill

Team Stat

Lightning - Hits : 18 - Faceoff Wins : 55 - Blocked Shots : 4 - Penalty Minutes : 8
Flyers - Hits : 20 - Faceoff Wins : 41 - Blocked Shots : 20 - Penalty Minutes : 6

Official

Referees : Darcy Burchell and Mike Leggo
Linesman : Matt MacPherson and Steve Barton

Game Notes

No Game Note

Finance

Level 1 -- Attendance: 5689 (87.52%) -- Ticket Income $568,900
Level 2 -- Attendance: 4525 (90.50%) -- Ticket Income $348,425
Level 3 -- Attendance: 2987 (85.34%) -- Ticket Income $128,441
Level 4 -- Attendance: 3013 (85.19%) -- Ticket Income $54,234
Luxury Box -- Attendance: 1000 (100.00%) -- Ticket Income $195,000
Game was played at the Wells Fargo Center.
Total Attendance: 17214 (88.11%)
Total Ticket Income: $1,295,000
Other Income: $194,250
Total Income: $1,489,250

% Time on Ice - Lightning

Lines # - Real PCT - Wanted PCT - Time Play
Normal Forward
1 - 39% - 40% - 17:49
2 - 32% - 30% - 14:45
3 - 21% - 20% - 9:36
4 - 9% - 10% - 3:56
Normal Defense
1 - 37% - 40% - 17:15
2 - 32% - 30% - 14:43
3 - 26% - 20% - 11:59
4 - 5% - 10% - 2:09
PP Forward
1 - 60% - 60% - 3:35
2 - 40% - 40% - 2:22
PP Defense
1 - 55% - 60% - 3:16
2 - 45% - 40% - 2:41
PK Forward
1 - 75% - 60% - 5:56
2 - 25% - 40% - 2:01
PK Defense
1 - 69% - 60% - 5:27
2 - 31% - 40% - 2:30
PK3 Forward
1 - 0% - 60%
2 - 0% - 40%
PK3 Defense
1 - 0% - 60%
2 - 0% - 40%
44 Forward
1 - 0% - 60%
2 - 0% - 40%
44 Defense
1 - 0% - 60%
2 - 0% - 40%
Last Minute Offensive  - 0:00
Last Minute Defensive  - 0:00
Total
Forward - 60:00
Defense - 60:00

% Time on Ice - Flyers

Lines # - Real PCT - Wanted PCT - Time Play
Normal Forward
1 - 33% - 32% - 15:25
2 - 34% - 32% - 15:38
3 - 24% - 24% - 11:02
4 - 9% - 12% - 4:01
Normal Defense
1 - 32% - 32% - 14:56
2 - 34% - 32% - 15:50
3 - 23% - 24% - 10:40
4 - 10% - 12% - 4:40
PP Forward
1 - 49% - 50% - 3:56
2 - 51% - 50% - 4:01
PP Defense
1 - 55% - 50% - 4:20
2 - 45% - 50% - 3:37
PK Forward
1 - 60% - 55% - 3:35
2 - 40% - 45% - 2:22
PK Defense
1 - 51% - 55% - 3:01
2 - 49% - 45% - 2:56
PK3 Forward
1 - 0% - 60%
2 - 0% - 40%
PK3 Defense
1 - 0% - 60%
2 - 0% - 40%
44 Forward
1 - 0% - 50%
2 - 0% - 50%
44 Defense
1 - 0% - 55%
2 - 0% - 45%
Last Minute Offensive  - 0:00
Last Minute Defensive  - 0:00
Total
Forward - 60:00
Defense - 60:00

Play by Play

1st period


0:01 of 1st period - Henrik Sedin wins face-off versus Mike Ribeiro in neutral zone.
0:20 of 1st period - Shot by Mike Ribeiro.
0:20 of 1st period - Shot Misses the Net.
0:42 of 1st period - Shot by Patric Hornqvist.
0:42 of 1st period - Shot Blocked by Dan Boyle.
0:54 of 1st period - Shot by Eric Fehr.
0:54 of 1st period - Shot Misses the Net.
0:56 of 1st period - Shot by Andrej Meszaros.
0:56 of 1st period - Shot Misses the Net.
0:58 of 1st period - Shot by John Gaudreau.
0:58 of 1st period - Stopped by Devan Dubnyk without a rebound.
0:59 of 1st period - Travis Zajac wins face-off versus Jean-Gabriel Pageau in Flyers zone.
1:36 of 1st period - Shot by Travis Zajac.
1:36 of 1st period - Shot Blocked by Martin Marincin.
2:45 of 1st period - Mike Santorelli is hit by Kevin Klein and loses puck.
2:58 of 1st period - Shot by Mike Ribeiro.
2:58 of 1st period - Shot Blocked by Erik Gudbranson.
3:16 of 1st period - Brian Gionta is hit by Erik Gudbranson and loses puck.
3:36 of 1st period - Shot by Patric Hornqvist.
3:36 of 1st period - Shot Blocked by Ryan Ellis.
3:38 of 1st period - Shot by Henrik Sedin.
3:38 of 1st period - Stopped by Devan Dubnyk without a rebound.
3:39 of 1st period - Travis Zajac wins face-off versus Jean-Gabriel Pageau in Flyers zone.
3:55 of 1st period - Troy Brouwer is hit by Martin Marincin and loses puck.
3:58 of 1st period - Shot by Troy Brouwer.
3:58 of 1st period - Stopped by Devan Dubnyk with a rebound.
4:06 of 1st period - Shot by Troy Brouwer.
4:06 of 1st period - Shot Misses the Net.
4:13 of 1st period - Travis Zajac is hit by Damon Severson and loses puck.
4:32 of 1st period - Shot by Radim Vrbata.
4:32 of 1st period - Goal by Radim Vrbata - Lightning : 1 - Flyers : 0.
4:33 of 1st period - Henrik Sedin wins face-off versus James Sheppard in neutral zone.
4:40 of 1st period - Shot by Henrik Sedin.
4:40 of 1st period - Shot Misses the Net.
4:42 of 1st period - Shot by Henrik Sedin.
4:42 of 1st period - Stopped by Devan Dubnyk without a rebound.
4:43 of 1st period - Jeff Carter wins face-off versus Kyle Brodziak in Flyers zone.
4:43 of 1st period - Eric Fehr is hit by Luca Sbisa and loses puck.
4:54 of 1st period - Minor Penalty to Mike Santorelli for Hooking.
4:55 of 1st period - Henrik Sedin wins face-off versus Kyle Brodziak in Flyers zone.
5:22 of 1st period - Shot by Radim Vrbata.
5:22 of 1st period - Stopped by Devan Dubnyk without a rebound.
5:23 of 1st period - Jeff Carter wins face-off versus James Sheppard in Flyers zone.
6:06 of 1st period - Shot by John Gaudreau.
6:06 of 1st period - Stopped by Devan Dubnyk without a rebound.
6:07 of 1st period - Patric Hornqvist wins face-off versus Kyle Brodziak in Flyers zone.
6:15 of 1st period - Icing by Kevin Klein.
6:16 of 1st period - Kyle Brodziak wins face-off versus Henrik Sedin in Lightning zone.
6:59 of 1st period - Shot by Alexander Killorn.
6:59 of 1st period - Stopped by Alex Stalock without a rebound.
7:00 of 1st period - Brian Gionta wins face-off versus Jeff Carter in Lightning zone.
7:11 of 1st period - Ryan Ellis is hit by Eric Fehr and loses puck.
8:08 of 1st period - Shot by Henrik Sedin.
8:08 of 1st period - Stopped by Devan Dubnyk without a rebound.
8:09 of 1st period - Travis Zajac wins face-off versus James Sheppard in Flyers zone.
8:16 of 1st period - Shot by Troy Brouwer.
8:16 of 1st period - Stopped by Devan Dubnyk without a rebound.
8:17 of 1st period - Jean-Gabriel Pageau wins face-off versus Henrik Sedin in Flyers zone.
8:22 of 1st period - Shot by Radim Vrbata.
8:22 of 1st period - Stopped by Devan Dubnyk without a rebound.
8:23 of 1st period - Patric Hornqvist wins face-off versus Kyle Brodziak in Flyers zone.
8:31 of 1st period - Icing by Martin Marincin.
8:32 of 1st period - Kyle Brodziak wins face-off versus Henrik Sedin in Flyers zone.
8:50 of 1st period - Shot by Radim Vrbata.
8:50 of 1st period - Shot Blocked by Martin Marincin.
9:02 of 1st period - Radim Vrbata is hit by Damien Brunner.
9:30 of 1st period - Icing by Andrej Meszaros.
9:31 of 1st period - Jeff Carter wins face-off versus Jean-Gabriel Pageau in Lightning zone.
9:31 of 1st period - Jeff Carter is hit by Jean-Gabriel Pageau.
9:45 of 1st period - Shot by John Gaudreau.
9:45 of 1st period - Stopped by Devan Dubnyk without a rebound.
9:46 of 1st period - Travis Zajac wins face-off versus Mike Ribeiro in Flyers zone.
9:49 of 1st period - Shot by Troy Brouwer.
9:49 of 1st period - Stopped by Devan Dubnyk without a rebound.
9:50 of 1st period - Jean-Gabriel Pageau wins face-off versus Jeff Carter in Flyers zone.
10:20 of 1st period - Shot by Joel Ward.
10:20 of 1st period - Shot Misses the Net.
10:22 of 1st period - Shot by Andrew MacDonald.
10:22 of 1st period - Stopped by Alex Stalock with a rebound.
10:24 of 1st period - Shot by Luca Sbisa.
10:24 of 1st period - Shot Misses the Net.
10:26 of 1st period - Shot by Andrew MacDonald.
10:26 of 1st period - Shot Blocked by Andre Benoit.
10:28 of 1st period - Shot by Andrew MacDonald.
10:28 of 1st period - Shot Misses the Net.
11:09 of 1st period - Olli Jokinen is hit by Erik Gudbranson and loses puck.
11:20 of 1st period - Shot by Radim Vrbata.
11:20 of 1st period - Shot Blocked by Damon Severson.
11:22 of 1st period - Shot by Henrik Sedin.
11:22 of 1st period - Shot Blocked by Damon Severson.
11:24 of 1st period - Shot by Henrik Sedin.
11:24 of 1st period - Shot Misses the Net.
11:26 of 1st period - Shot by Radim Vrbata.
11:26 of 1st period - Stopped by Devan Dubnyk without a rebound.
11:27 of 1st period - Travis Zajac wins face-off versus Mike Ribeiro in Flyers zone.
11:45 of 1st period - Icing by Ryan Ellis.
11:46 of 1st period - Vernon Fiddler wins face-off versus Alexander Killorn in Flyers zone.
11:51 of 1st period - Shot by Teddy Purcell.
11:51 of 1st period - Deflect By Vernon Fiddler.
11:51 of 1st period - Stopped by Devan Dubnyk without a rebound.
11:52 of 1st period - Jean-Gabriel Pageau wins face-off versus Henrik Sedin in Flyers zone.
11:52 of 1st period - Jean-Gabriel Pageau is hit by Patric Hornqvist.
12:21 of 1st period - Jean-Gabriel Pageau is hit by Andrej Meszaros and loses puck.
12:31 of 1st period - Jean-Gabriel Pageau is hit by Andrej Meszaros and loses puck.
14:23 of 1st period - Icing by Martin Marincin.
14:24 of 1st period - Travis Zajac wins face-off versus Alexander Killorn in Flyers zone.
14:29 of 1st period - Shot by Troy Brouwer.
14:29 of 1st period - Shot Blocked by Damon Severson.
14:44 of 1st period - Shot by Maxime Talbot.
14:44 of 1st period - Shot Blocked by Damon Severson.
15:36 of 1st period - Shot by Joel Ward.
15:36 of 1st period - Stopped by Alex Stalock without a rebound.
15:37 of 1st period - Radim Vrbata wins face-off versus James Sheppard in Lightning zone.
15:37 of 1st period - Radim Vrbata is hit by James Sheppard.
15:52 of 1st period - Shot by Patric Hornqvist.
15:52 of 1st period - Shot Blocked by Dan Boyle.
16:09 of 1st period - Damien Brunner is hit by Andrej Sekera and loses puck.
16:29 of 1st period - Icing by Andrew MacDonald.
16:30 of 1st period - Tobias Rieder wins face-off versus Jean-Gabriel Pageau in Flyers zone.
17:06 of 1st period - Shot by Tobias Rieder.
17:06 of 1st period - Shot Misses the Net.
17:22 of 1st period - John Gaudreau is hit by Jean-Gabriel Pageau and loses puck.
18:00 of 1st period - Minor Penalty to David Schlemko for Holding.
18:01 of 1st period - James Sheppard wins face-off versus Henrik Sedin in Lightning zone.
18:48 of 1st period - Icing by Ryan Ellis.
18:49 of 1st period - Henrik Sedin wins face-off versus James Sheppard in Flyers zone.
18:50 of 1st period - Shot by Eric Fehr.
18:50 of 1st period - Shot Blocked by Ryan Ellis.
19:26 of 1st period - Off-side.
19:27 of 1st period - Vernon Fiddler wins face-off versus Alexander Killorn in neutral zone.
Goals for this period are 1 for Lightning vs 0 for Flyers.
Shots for this period are 14 for Lightning vs 3 for Flyers.

2nd period


0:01 of 2nd period - Mike Ribeiro wins face-off versus Patric Hornqvist in neutral zone.
0:12 of 2nd period - Shot by Alexander Killorn.
0:12 of 2nd period - Stopped by Alex Stalock with a rebound.
0:14 of 2nd period - Shot by Mike Ribeiro.
0:14 of 2nd period - Goal by Mike Ribeiro - Lightning : 1 - Flyers : 1.
0:15 of 2nd period - Kyle Brodziak wins face-off versus Travis Zajac in neutral zone.
0:40 of 2nd period - Icing by Mike Santorelli.
0:41 of 2nd period - Henrik Sedin wins face-off versus Kyle Brodziak in Flyers zone.
1:30 of 2nd period - Icing by Tom Gilbert.
1:31 of 2nd period - Mike Ribeiro wins face-off versus Jeff Carter in Flyers zone.
2:08 of 2nd period - Shot by John Gaudreau.
2:08 of 2nd period - Shot Blocked by Andrew MacDonald.
2:40 of 2nd period - Icing by Martin Marincin.
2:41 of 2nd period - Henrik Sedin wins face-off versus Jean-Gabriel Pageau in Flyers zone.
2:58 of 2nd period - Shot by Henrik Sedin.
2:58 of 2nd period - Deflect By Radim Vrbata.
2:58 of 2nd period - Stopped by Devan Dubnyk with a rebound.
3:00 of 2nd period - Shot by Henrik Sedin.
3:00 of 2nd period - Deflect By Radim Vrbata.
3:00 of 2nd period - Stopped by Devan Dubnyk without a rebound.
3:01 of 2nd period - Vernon Fiddler wins face-off versus James Sheppard in Flyers zone.
3:07 of 2nd period - Tobias Rieder is hit by Dan Boyle.
3:19 of 2nd period - Shot by Tobias Rieder.
3:19 of 2nd period - Stopped by Devan Dubnyk without a rebound.
3:20 of 2nd period - Henrik Sedin wins face-off versus Jean-Gabriel Pageau in Flyers zone.
3:28 of 2nd period - Minor Penalty to Martin Marincin for Hooking.
3:29 of 2nd period - Henrik Sedin wins face-off versus Kyle Brodziak in Flyers zone.
3:32 of 2nd period - Shot by Radim Vrbata.
3:32 of 2nd period - Shot Misses the Net.
4:53 of 2nd period - Shot by Eric Fehr.
4:53 of 2nd period - Stopped by Devan Dubnyk without a rebound.
4:54 of 2nd period - Jeff Carter wins face-off versus James Sheppard in Flyers zone.
5:06 of 2nd period - Shot by Jeff Carter.
5:06 of 2nd period - Stopped by Devan Dubnyk without a rebound.
5:07 of 2nd period - Jeff Carter wins face-off versus Kyle Brodziak in Flyers zone.
5:16 of 2nd period - Shot by Jeff Carter.
5:16 of 2nd period - Deflect By John Gaudreau.
5:16 of 2nd period - Shot Misses the Net.
5:18 of 2nd period - Shot by Andrej Meszaros.
5:18 of 2nd period - Shot Blocked by Luca Sbisa.
5:20 of 2nd period - Shot by Andrej Meszaros.
5:20 of 2nd period - Shot Blocked by Kyle Brodziak.
5:22 of 2nd period - Shot by Andrej Sekera.
5:22 of 2nd period - Stopped by Devan Dubnyk without a rebound.
5:23 of 2nd period - James Sheppard wins face-off versus Eric Fehr in Flyers zone.
6:19 of 2nd period - Off-side.
6:20 of 2nd period - Henrik Sedin wins face-off versus Jean-Gabriel Pageau in neutral zone.
6:26 of 2nd period - Shot by Henrik Sedin.
6:26 of 2nd period - Stopped by Devan Dubnyk without a rebound.
6:27 of 2nd period - Henrik Sedin wins face-off versus Jean-Gabriel Pageau in Flyers zone.
6:30 of 2nd period - Shot by Radim Vrbata.
6:30 of 2nd period - Goal by Radim Vrbata - Lightning : 2 - Flyers : 1.
6:31 of 2nd period - Pierre-Alexandr Parenteau wins face-off versus Henrik Sedin in neutral zone.
7:45 of 2nd period - John Gaudreau is hit by Ryan Ellis and loses puck.
7:58 of 2nd period - Icing by Kyle Brodziak.
7:59 of 2nd period - Kyle Brodziak wins face-off versus Vernon Fiddler in Flyers zone.
8:04 of 2nd period - Shot by Kyle Brodziak.
8:04 of 2nd period - Stopped by Alex Stalock without a rebound.
8:05 of 2nd period - Mike Ribeiro wins face-off versus Vernon Fiddler in Lightning zone.
8:14 of 2nd period - Shot by Mike Ribeiro.
8:14 of 2nd period - Stopped by Alex Stalock without a rebound.
8:15 of 2nd period - Kyle Brodziak wins face-off versus Henrik Sedin in Lightning zone.
8:55 of 2nd period - Shot by Mike Santorelli.
8:55 of 2nd period - Shot Misses the Net.
8:57 of 2nd period - Shot by Mike Santorelli.
8:57 of 2nd period - Stopped by Alex Stalock without a rebound.
8:58 of 2nd period - Jean-Gabriel Pageau wins face-off versus Jeff Carter in Lightning zone.
10:18 of 2nd period - Travis Zajac is hit by Tom Gilbert and loses puck.
10:29 of 2nd period - Shot by Alexander Killorn.
10:29 of 2nd period - Stopped by Alex Stalock without a rebound.
10:30 of 2nd period - Henrik Sedin wins face-off versus James Sheppard in Lightning zone.
10:39 of 2nd period - Icing by Ryan Ellis.
10:40 of 2nd period - Henrik Sedin wins face-off versus James Sheppard in Flyers zone.
10:45 of 2nd period - Shot by Patric Hornqvist.
10:45 of 2nd period - Stopped by Devan Dubnyk without a rebound.
10:46 of 2nd period - Radim Vrbata wins face-off versus Jean-Gabriel Pageau in Flyers zone.
11:08 of 2nd period - Erik Gudbranson is hit by Pierre-Alexandr Parenteau and loses puck.
11:26 of 2nd period - Minor Penalty to Kevin Klein for Elbowing.
11:27 of 2nd period - Mike Ribeiro wins face-off versus Henrik Sedin in Lightning zone.
11:32 of 2nd period - Shot by Mike Santorelli.
11:32 of 2nd period - Deflect By Mike Ribeiro.
11:32 of 2nd period - Shot Misses the Net.
11:51 of 2nd period - Icing by Mike Santorelli.
11:52 of 2nd period - Henrik Sedin wins face-off versus Mike Ribeiro in Flyers zone.
13:31 of 2nd period - Shot by Tom Gilbert.
13:31 of 2nd period - Shot Hit the Post.
13:39 of 2nd period - Shot by Joel Ward.
13:39 of 2nd period - Stopped by Alex Stalock without a rebound.
13:40 of 2nd period - Travis Zajac wins face-off versus Jean-Gabriel Pageau in Lightning zone.
13:40 of 2nd period - Travis Zajac is hit by Jean-Gabriel Pageau.
14:10 of 2nd period - Shot by Pierre-Alexandr Parenteau.
14:10 of 2nd period - Shot Misses the Net.
14:12 of 2nd period - Shot by Tom Gilbert.
14:12 of 2nd period - Shot Blocked by Andre Benoit.
14:30 of 2nd period - Icing by Dan Boyle.
14:31 of 2nd period - Kyle Brodziak wins face-off versus Teddy Purcell in Flyers zone.
14:59 of 2nd period - Shot by Damien Brunner.
14:59 of 2nd period - Stopped by Alex Stalock without a rebound.
15:00 of 2nd period - Mike Ribeiro wins face-off versus Henrik Sedin in Lightning zone.
15:00 of 2nd period - Brian Gionta is hit by Kevin Klein and loses puck.
15:19 of 2nd period - Shot by Patric Hornqvist.
15:19 of 2nd period - Stopped by Devan Dubnyk without a rebound.
15:20 of 2nd period - Jean-Gabriel Pageau wins face-off versus John Gaudreau in Flyers zone.
15:20 of 2nd period - Jean-Gabriel Pageau is hit by Jeff Carter.
16:23 of 2nd period - Icing by Kevin Klein.
16:24 of 2nd period - Mike Ribeiro wins face-off versus Henrik Sedin in Lightning zone.
16:35 of 2nd period - Kevin Klein is hit by Brian Gionta and loses puck.
16:52 of 2nd period - Shot by Brian Gionta.
16:52 of 2nd period - Stopped by Alex Stalock without a rebound.
16:53 of 2nd period - Kyle Brodziak wins face-off versus Travis Zajac in Lightning zone.
17:12 of 2nd period - Shot by Troy Brouwer.
17:12 of 2nd period - Stopped by Devan Dubnyk without a rebound.
17:13 of 2nd period - Jeff Carter wins face-off versus Mike Ribeiro in Flyers zone.
17:55 of 2nd period - Andrej Sekera is hit by Brian Gionta and loses puck.
18:11 of 2nd period - Jeff Carter is hit by Martin Marincin and loses puck.
18:25 of 2nd period - Shot by Damien Brunner.
18:25 of 2nd period - Stopped by Alex Stalock without a rebound.
18:26 of 2nd period - Jean-Gabriel Pageau wins face-off versus Henrik Sedin in Lightning zone.
18:40 of 2nd period - Patric Hornqvist is hit by Jean-Gabriel Pageau and loses puck.
18:46 of 2nd period - Jean-Gabriel Pageau is hit by Erik Gudbranson and loses puck.
18:51 of 2nd period - Shot by Joel Ward.
18:51 of 2nd period - Shot Misses the Net.
18:53 of 2nd period - Shot by Joel Ward.
18:53 of 2nd period - Stopped by Alex Stalock with a rebound.
19:21 of 2nd period - Damien Brunner is hit by Kevin Klein and loses puck.
19:40 of 2nd period - Shot by Olli Jokinen.
19:40 of 2nd period - Stopped by Alex Stalock without a rebound.
19:41 of 2nd period - Mike Ribeiro wins face-off versus Travis Zajac in Lightning zone.
Goals for this period are 1 for Lightning vs 1 for Flyers.
Shots for this period are 11 for Lightning vs 12 for Flyers.

3rd period


0:01 of 3rd period - Henrik Sedin wins face-off versus Mike Ribeiro in neutral zone.
0:08 of 3rd period - Shot by Patric Hornqvist.
0:08 of 3rd period - Stopped by Devan Dubnyk without a rebound.
0:09 of 3rd period - Kyle Brodziak wins face-off versus Patric Hornqvist in Flyers zone.
0:09 of 3rd period - Kyle Brodziak is hit by Patric Hornqvist.
0:17 of 3rd period - Shot by Ryan Ellis.
0:17 of 3rd period - Shot Misses the Net.
0:29 of 3rd period - Shot by Radim Vrbata.
0:29 of 3rd period - Stopped by Devan Dubnyk without a rebound.
0:30 of 3rd period - Jeff Carter wins face-off versus Alexander Killorn in Flyers zone.
0:31 of 3rd period - Shot by John Gaudreau.
0:31 of 3rd period - Stopped by Devan Dubnyk without a rebound.
0:32 of 3rd period - Jeff Carter wins face-off versus Mike Ribeiro in Flyers zone.
0:35 of 3rd period - Shot by John Gaudreau.
0:35 of 3rd period - Stopped by Devan Dubnyk without a rebound.
0:36 of 3rd period - Henrik Sedin wins face-off versus Mike Ribeiro in Flyers zone.
0:37 of 3rd period - Shot by Patric Hornqvist.
0:37 of 3rd period - Stopped by Devan Dubnyk without a rebound.
0:38 of 3rd period - Henrik Sedin wins face-off versus Mike Ribeiro in Flyers zone.
0:53 of 3rd period - Shot by Brian Gionta.
0:53 of 3rd period - Deflect By Mike Ribeiro.
0:53 of 3rd period - Shot Misses the Net.
0:55 of 3rd period - Shot by Martin Marincin.
0:55 of 3rd period - Stopped by Alex Stalock without a rebound.
0:56 of 3rd period - Jeff Carter wins face-off versus Damien Brunner in Lightning zone.
1:11 of 3rd period - Shot by Kyle Brodziak.
1:11 of 3rd period - Stopped by Alex Stalock without a rebound.
1:12 of 3rd period - Mike Ribeiro wins face-off versus Henrik Sedin in Lightning zone.
1:25 of 3rd period - Shot by Patric Hornqvist.
1:25 of 3rd period - Shot Misses the Net.
1:55 of 3rd period - Shot by Mike Ribeiro.
1:55 of 3rd period - Stopped by Alex Stalock with a rebound.
2:06 of 3rd period - Icing by Kevin Klein.
2:07 of 3rd period - Henrik Sedin wins face-off versus Kyle Brodziak in Lightning zone.
2:32 of 3rd period - Shot by Jeff Carter.
2:32 of 3rd period - Shot Misses the Net.
2:34 of 3rd period - Shot by Andrej Meszaros.
2:34 of 3rd period - Shot Misses the Net.
2:36 of 3rd period - Shot by Andrej Sekera.
2:36 of 3rd period - Stopped by Devan Dubnyk without a rebound.
2:37 of 3rd period - Jean-Gabriel Pageau wins face-off versus Travis Zajac in Flyers zone.
2:39 of 3rd period - Icing by Andrew MacDonald.
2:40 of 3rd period - Jeff Carter wins face-off versus Jean-Gabriel Pageau in Flyers zone.
2:47 of 3rd period - Shot by Eric Fehr.
2:47 of 3rd period - Stopped by Devan Dubnyk without a rebound.
2:48 of 3rd period - James Sheppard wins face-off versus Jeff Carter in Flyers zone.
3:08 of 3rd period - Shot by Jeff Carter.
3:08 of 3rd period - Shot Misses the Net.
3:27 of 3rd period - Icing by Ryan Ellis.
3:28 of 3rd period - James Sheppard wins face-off versus Henrik Sedin in Flyers zone.
3:37 of 3rd period - Shot by James Sheppard.
3:37 of 3rd period - Shot Blocked by Radim Vrbata.
3:59 of 3rd period - Minor Penalty to Jean-Gabriel Pageau for Interference.
4:00 of 3rd period - Kyle Brodziak wins face-off versus Jeff Carter in Flyers zone.
4:29 of 3rd period - Shot by Erik Gudbranson.
4:29 of 3rd period - Stopped by Devan Dubnyk without a rebound.
4:30 of 3rd period - Henrik Sedin wins face-off versus Kyle Brodziak in Flyers zone.
4:51 of 3rd period - Shot by Andrej Sekera.
4:51 of 3rd period - Shot Blocked by Martin Marincin.
4:58 of 3rd period - Icing by Andrej Meszaros.
4:59 of 3rd period - Henrik Sedin wins face-off versus Kyle Brodziak in Lightning zone.
6:26 of 3rd period - Travis Zajac is hit by Brian Gionta and loses puck.
6:41 of 3rd period - Travis Zajac is hit by Alexander Killorn and loses puck.
7:24 of 3rd period - Shot by Pierre-Alexandr Parenteau.
7:24 of 3rd period - Goal by Pierre-Alexandr Parenteau - Lightning : 2 - Flyers : 2.
7:25 of 3rd period - Patric Hornqvist wins face-off versus Damien Brunner in neutral zone.
7:32 of 3rd period - Shot by Radim Vrbata.
7:32 of 3rd period - Stopped by Devan Dubnyk without a rebound.
7:33 of 3rd period - Henrik Sedin wins face-off versus Kyle Brodziak in Flyers zone.
7:42 of 3rd period - Shot by Radim Vrbata.
7:42 of 3rd period - Stopped by Devan Dubnyk without a rebound.
7:43 of 3rd period - Mike Ribeiro wins face-off versus Jeff Carter in Flyers zone.
8:00 of 3rd period - Shot by John Gaudreau.
8:00 of 3rd period - Stopped by Devan Dubnyk with a rebound.
8:02 of 3rd period - Shot by Andrej Meszaros.
8:02 of 3rd period - Shot Blocked by Martin Marincin.
8:04 of 3rd period - Shot by Jeff Carter.
8:04 of 3rd period - Shot Blocked by Damon Severson.
8:06 of 3rd period - Shot by Andrej Sekera.
8:06 of 3rd period - Deflect By John Gaudreau.
8:06 of 3rd period - Stopped by Devan Dubnyk without a rebound.
8:07 of 3rd period - Jean-Gabriel Pageau wins face-off versus Henrik Sedin in Flyers zone.
10:03 of 3rd period - Shot by Brian Gionta.
10:03 of 3rd period - Shot Misses the Net.
10:05 of 3rd period - Shot by Alexander Killorn.
10:05 of 3rd period - Stopped by Alex Stalock without a rebound.
10:06 of 3rd period - Travis Zajac wins face-off versus Alexander Killorn in Lightning zone.
10:08 of 3rd period - Icing by Kevin Klein.
10:09 of 3rd period - Travis Zajac wins face-off versus Brian Gionta in Lightning zone.
10:09 of 3rd period - Travis Zajac is hit by Alexander Killorn.
10:33 of 3rd period - Shot by Alexander Killorn.
10:33 of 3rd period - Shot Misses the Net.
10:35 of 3rd period - Shot by Dan Boyle.
10:35 of 3rd period - Stopped by Alex Stalock without a rebound.
10:36 of 3rd period - Henrik Sedin wins face-off versus Jean-Gabriel Pageau in Lightning zone.
10:41 of 3rd period - Andrew MacDonald is hit by Patric Hornqvist and loses puck.
10:54 of 3rd period - Off-side.
10:55 of 3rd period - Jeff Carter wins face-off versus Kyle Brodziak in neutral zone.
10:58 of 3rd period - Shot by John Gaudreau.
10:58 of 3rd period - Stopped by Devan Dubnyk with a rebound.
11:00 of 3rd period - Shot by Andrej Meszaros.
11:00 of 3rd period - Shot Misses the Net.
11:02 of 3rd period - Shot by Jeff Carter.
11:02 of 3rd period - Stopped by Devan Dubnyk without a rebound.
11:03 of 3rd period - Henrik Sedin wins face-off versus Mike Santorelli in Flyers zone.
11:25 of 3rd period - Icing by Martin Marincin.
11:26 of 3rd period - Kyle Brodziak wins face-off versus Eric Fehr in Flyers zone.
11:30 of 3rd period - Off-side.
11:31 of 3rd period - Jean-Gabriel Pageau wins face-off versus Jeff Carter in neutral zone.
11:40 of 3rd period - Shot by Pierre-Alexandr Parenteau.
11:40 of 3rd period - Stopped by Alex Stalock without a rebound.
11:41 of 3rd period - Henrik Sedin wins face-off versus Mike Ribeiro in Lightning zone.
11:45 of 3rd period - Dan Boyle is hit by Kevin Klein and loses puck.
11:46 of 3rd period - Double Minor Penalty to Erik Gudbranson for Slashing.
11:47 of 3rd period - Henrik Sedin wins face-off versus Mike Ribeiro in Lightning zone.
12:02 of 3rd period - Shot by Mike Ribeiro.
12:02 of 3rd period - Shot Misses the Net.
12:04 of 3rd period - Shot by Luca Sbisa.
12:04 of 3rd period - Stopped by Alex Stalock without a rebound.
12:05 of 3rd period - James Sheppard wins face-off versus Henrik Sedin in Lightning zone.
12:12 of 3rd period - Shot by Dan Boyle.
12:12 of 3rd period - Stopped by Alex Stalock without a rebound.
12:13 of 3rd period - Mike Ribeiro wins face-off versus Henrik Sedin in Lightning zone.
12:13 of 3rd period - Mike Ribeiro is hit by Kevin Klein.
12:39 of 3rd period - Shot by Mike Ribeiro.
12:39 of 3rd period - Deflect By Mike Santorelli.
12:39 of 3rd period - Stopped by Alex Stalock without a rebound.
12:40 of 3rd period - Henrik Sedin wins face-off versus James Sheppard in Lightning zone.
14:50 of 3rd period - Shot by James Sheppard.
14:50 of 3rd period - Shot Misses the Net.
15:34 of 3rd period - Shot by Mike Ribeiro.
15:34 of 3rd period - Stopped by Alex Stalock without a rebound.
15:35 of 3rd period - Damien Brunner wins face-off versus Vernon Fiddler in Lightning zone.
15:58 of 3rd period - Shot by Jeff Carter.
15:58 of 3rd period - Deflect By Eric Fehr.
15:58 of 3rd period - Stopped by Devan Dubnyk without a rebound.
15:59 of 3rd period - Travis Zajac wins face-off versus Kyle Brodziak in Flyers zone.
15:59 of 3rd period - Travis Zajac is hit by Tom Gilbert.
16:21 of 3rd period - Shot by Troy Brouwer.
16:21 of 3rd period - Shot Blocked by Andrew MacDonald.
16:38 of 3rd period - Icing by Erik Gudbranson.
16:39 of 3rd period - Jean-Gabriel Pageau wins face-off versus Travis Zajac in Lightning zone.
17:04 of 3rd period - Shot by Jeff Carter.
17:04 of 3rd period - Shot Blocked by Damon Severson.
17:06 of 3rd period - Shot by Andre Benoit.
17:06 of 3rd period - Shot Misses the Net.
17:08 of 3rd period - Shot by Jeff Carter.
17:08 of 3rd period - Stopped by Devan Dubnyk without a rebound.
17:09 of 3rd period - Mike Ribeiro wins face-off versus Henrik Sedin in Flyers zone.
17:24 of 3rd period - Shot by Patric Hornqvist.
17:24 of 3rd period - Shot Misses the Net.
17:26 of 3rd period - Shot by Henrik Sedin.
17:26 of 3rd period - Shot Blocked by Ryan Ellis.
17:28 of 3rd period - Shot by Radim Vrbata.
17:28 of 3rd period - Shot Hit the Post.
17:34 of 3rd period - Shot by Radim Vrbata.
17:34 of 3rd period - Stopped by Devan Dubnyk without a rebound.
17:35 of 3rd period - Jean-Gabriel Pageau wins face-off versus Jeff Carter in Flyers zone.
17:46 of 3rd period - Jean-Gabriel Pageau is hit by Eric Fehr and loses puck.
18:03 of 3rd period - Shot by Jeff Carter.
18:03 of 3rd period - Shot Blocked by Luca Sbisa.
18:40 of 3rd period - Shot by Mike Ribeiro.
18:40 of 3rd period - Shot Misses the Net.
18:50 of 3rd period - Shot by Radim Vrbata.
18:50 of 3rd period - Deflect By Patric Hornqvist.
18:50 of 3rd period - Stopped by Devan Dubnyk with a rebound.
18:54 of 3rd period - Shot by Radim Vrbata.
18:54 of 3rd period - Deflect By Patric Hornqvist.
18:54 of 3rd period - Shot Misses the Net.
18:56 of 3rd period - Shot by Patric Hornqvist.
18:56 of 3rd period - Shot Misses the Net.
19:18 of 3rd period - Shot by Mike Ribeiro.
19:18 of 3rd period - Shot Misses the Net.
19:31 of 3rd period - Mike Ribeiro is hit by David Schlemko and loses puck.
Goals for this period are 0 for Lightning vs 1 for Flyers.
Shots for this period are 18 for Lightning vs 11 for Flyers.

Overtime #1


0:01 of 1st overtime period - Mike Ribeiro wins face-off versus Henrik Sedin in neutral zone.
0:32 of 1st overtime period - Shot by Patric Hornqvist.
0:32 of 1st overtime period - Shot Misses the Net.
0:34 of 1st overtime period - Shot by Patric Hornqvist.
0:34 of 1st overtime period - Goal by Patric Hornqvist - Lightning : 3 - Flyers : 2.
Goals for this period are 1 for Lightning vs 0 for Flyers.
Shots for this period are 1 for Lightning vs 0 for Flyers.